 Dungeon Sprint DCSS version 0.29-a0-925-g0a7a3d12f8 (webtiles) character file.

Game seed: 5026072386083967706

254 tatocazan the Poker (level 5, 0/46 HPs)
             Began as a Demonspawn Gladiator on July 30, 2022.
             Was an Initiate of Okawaru.
             Slain by a yak (11 damage)
             ... in the Dungeon (Sprint IX: "|||||||||||||||||||||||||||||").
             The game lasted 00:01:26 (203 turns).

tatocazan the Poker (Demonspawn Gladiator)           Turns: 203, Time: 00:01:27

Health: 0/46       AC: 14    Str: 16    XL:     5   Next: 90%
Magic:  5/6        EV:  8    Int: 16    God:    Okawaru [......]
Gold:   0          SH:  0    Dex: 14    Spells: 4/4 levels left

rFire   . . .      SeeInvis .   n - +2 halberd (venom)
rCold   . . .      Faith    .   (shield currently unavailable)
rNeg    . . .      Spirit   .   q - +1 chain mail
rPois   .          Reflect  .   c - +0 helmet
rElec   .          Harm     .   (no cloak)
rCorr   .          Rampage  .   o - +0 pair of gloves
Will    .....      NoTele   +   (no boots)
Stlth   ..........              (no amulet)
HPRegen 0.15/turn               r - +3 ring of intelligence
MPRegen 0.10/turn               s - +3 ring of intelligence

@: no status effects
A: claws 1, molten scales 2
a: Renounce Religion


You were in the Dungeon.
You worshipped Okawaru.
Okawaru was noncommittal.
You visited 1 branch

Inventory:

Hand Weapons
 a - a +0 trident
 n - a +2 halberd of venom (weapon)
Missiles
 d - 3 throwing nets (quivered)
 e - a javelin
Armour
 c - a +0 helmet (worn)
 o - a +0 pair of gloves (worn)
 q - a +1 chain mail (worn)
Jewellery
 r - a +3 ring of intelligence (left hand)
 s - a +3 ring of intelligence (right hand)
Wands
 m - a wand of acid (10)
Scrolls
 k - 2 scrolls of blinking
 l - 2 scrolls of amnesia
Potions
 f - 5 potions of curing
 g - a potion of invisibility
 h - a potion of haste
 i - 4 potions of magic
 j - 2 potions of heal wounds


   Skills:
 + Level 5.8 Fighting
 * Level 7.5 Polearms
 - Level 4.9 Throwing
 + Level 1.7 Armour
 - Level 5.3 Dodging
 + Level 2.6 Invocations


You had 4 spell levels left.
You didn't know any spells.
Your spell library was empty.

Dungeon Overview and Level Annotations

Branches:
Dungeon (1/1)

Altars:
Cheibriados
Dithmenos
Fedhas
Gozag
Hepliaklqana
Kikubaaqudgha
Makhleb
Nemelex Xobeh
Okawaru
Qazlal
Ru
Sif Muna
Trog
Uskayaw
Vehumet
Wu Jian
Xom
Yredelemnul
Jiyva
Lugonu


Innate Abilities, Weirdness & Mutations

You have sharp fingernails.
You are mostly covered in molten scales. (AC +3)


Message History

The kobold brigand hits you but does no damage.
You hit the kobold brigand but do no damage.
The kobold brigand is heavily wounded.
The kobold brigand hits you but does no damage.
You barely miss the kobold brigand.
The kobold brigand is heavily wounded.
The kobold brigand hits you with a +0 dagger. x2
You take 9 damage, and have 35/44 hp.
MASSIVE DAMAGE!!
You hit the kobold brigand.
The kobold brigand looks as sick as possible!
The kobold brigand is almost dead.
The kobold brigand hits you but does no damage.
You slice the kobold brigand!!
You kill the kobold brigand!
Okawaru is honoured by your kill.
Your Polearms skill increases to level 7!
Your Armour skill increases to level 1!
Your Invocations skill gained 2 levels and is now at level 2!
You hit the yak.
The yak is poisoned.
The yak is lightly wounded.
The yak gores you but does no damage.
You puncture the yak!
The yak is heavily wounded.
The yak barely misses you.
You hit the yak but do no damage.
The yak looks as sick as possible!
The yak is heavily wounded.
The yak gores you.
You take 1 damage, and have 37/46 hp.
You closely miss the yak.
The yak is heavily wounded.
The yak gores you but does no damage.
You barely miss the yak.
The yak is heavily wounded.
The yak gores you! x2
* * * LOW HITPOINT WARNING * * *
You take 26 damage, and have 11/46 hp.
MASSIVE DAMAGE!!
You puncture the yak!
The yak looks as sick as possible!
The yak is almost dead.
The yak gores you!
You die... ▓▓▓▓▓▓▓▓▓▓▓▓▓▓▓▓▓▓▓▓▓▓▓▓ ..z9WzY@.....)..'_______ ▓▓▓▓▓▓▓▓▓▓▓▓▓▓▓▓▓▓▓▓▓▓▓▓

You could see a yak (extremely poisoned), a wraith, a gargoyle and 2 wights.

Vanquished Creatures
  A black bear (D)
  A phantom (D)
  A kobold brigand (D)
  An ufetubus (D)
  2 orcs (D)
  An endoplasm (D)
  A goblin (D)
  A jackal (D)
  A kobold (D)
  A frilled lizard (D)
11 creatures vanquished.

Notes
Turn   | Place    | Note
-------+----------+-------------------------------------------
     0 | D        | tatocazan the Demonspawn Gladiator began the quest for the
                  | Orb.
     0 | D        | Reached XP level 1. HP: 16/16 MP: 1/1
     6 | D        | Reached skill level 3 in Polearms
    60 | D        | Noticed a phantom
    60 | D        | Noticed a black bear
    71 | D        | Gained mutation: You have sharp fingernails. [demonic
                  | ancestry]
    71 | D        | Reached XP level 2. HP: 10/23 MP: 2/2
    74 | D        | Killed a black bear
    75 | D        | Reached skill level 5 in Polearms
    75 | D        | Gained mutation: You are partially covered in molten
                  | scales. (AC +2) [demonic ancestry]
    75 | D        | Reached XP level 3. HP: 31/31 MP: 3/3
    75 | D        | Reached XP level 4. HP: 38/38 MP: 4/4
    79 | D        | Killed a phantom
    80 | D        | Reached skill level 5 in Fighting
    80 | D        | Reached skill level 6 in Polearms
    80 | D        | Reached skill level 5 in Dodging
    80 | D        | Gained mutation: You are mostly covered in molten scales.
                  | (AC +3) [demonic ancestry]
    80 | D        | Reached XP level 5. HP: 44/44 MP: 5/5
   120 | D        | Found a snail-covered altar of Cheibriados.
   120 | D        | Found a shadowy altar of Dithmenos.
   120 | D        | Found a blossoming altar of Fedhas.
   120 | D        | Found an opulent altar of Gozag.
   121 | D        | Found a hazy altar of Hepliaklqana.
   122 | D        | Found a viscous altar of Jiyva.
   123 | D        | Found an ancient bone altar of Kikubaaqudgha.
   124 | D        | Found a corrupted altar of Lugonu.
   125 | D        | Found a burning altar of Makhleb.
   126 | D        | Found a sparkling altar of Nemelex Xobeh.
   127 | D        | Found an iron altar of Okawaru.
   128 | D        | Found a stormy altar of Qazlal.
   129 | D        | Found a sacrificial altar of Ru.
   130 | D        | Found a shimmering blue altar of Sif Muna.
   131 | D        | Found a bloodstained altar of Trog.
   132 | D        | Found a hide-covered altar of Uskayaw.
   133 | D        | Found a radiant altar of Vehumet.
   134 | D        | Found an ornate altar of the Wu Jian Council.
   135 | D        | Became a worshipper of Warmaster Okawaru
   136 | D        | Found a shimmering altar of Xom.
   137 | D        | Found a basalt altar of Yredelemnul.
   189 | D        | Noticed a gargoyle
   189 | D        | Noticed a wraith
   189 | D        | Noticed a yak
   198 | D        | Reached skill level 7 in Polearms
   198 | D        | Reached skill level 1 in Armour
   203 | D        | Slain by a yak

Illustrated notes

Levels and vault maps discovered:
D:        linesprint [early_d, line_temple, items_1, d_10, items_2, lair_1,
          lair_end, items_3, orc_1, orc_end, items_4, d_15, swamp_1, shoals_1,
          snake_1, spider_1, d_20, vaults_1, items_5, swamp_end, shoals_end,
          snake_end, spider_end, vaults_end, d_27, items_6, zot_1, zot_end,
          crypt_end, forest_end, elf_end, slime_end, tomb_end, abyss_end,
          pan_hell_end]

Skill      XL: |  1  2  3  4  5 |
---------------+----------------+-----
Throwing       | 2 4 |  4.9
Polearms       | 3 5 6 7 |  7.5
Dodging        | 3 4 5 |  5.3
Fighting       | 4 5 |  5.8
Armour         | 1 |  1.7
Invocations    | 2 |  2.6

Action                   |  1- 3 |  4- 6 || total
-------------------------+-------+-------++-------
Melee: Trident           |    19 |     9 ||    28
       Halberd           |       |    14 ||    14
  Use: Potion            |     2 |       ||     2
Armor: Leather armour    |     9 |     2 ||    11
       Chain mail        |       |     8 ||     8
Dodge: Dodged            |    24 |     2 ||    26

Table legend: (Time is in decaauts)
 A = Elapsed time spent in this place.
 B = Non-inter-level travel time spent in this place.
 C = Inter-level travel time spent in this place.
 D = Time resting spent in this place.
 E = Time spent auto-exploring this place.
 F = Levels seen in this place.
 G = Mean time per level.
                   A        B        C        D        E       F      G
               +--------+--------+--------+--------+--------+-----+--------+
         Total |    213 |    213 |      0 |     83 |      3 |   1 |  213.0 |
       Dungeon |    213 |    213 |      0 |     83 |      3 |   1 |  213.0 |
               +--------+--------+--------+--------+--------+-----+--------+

Top non-repeatable levels by time:
       D: 213 daAuts
